 Dungeon Crawl Stone Soup version 0.28.0-43-g3370ac3207 (webtiles) character file.

Game seed: 10798400050003471207

65 sanboga the Covered (level 4, 0/29 HPs)
             Began as a Gargoyle Fighter on Mar 24, 2022.
             Slain by a scorpion (3 damage)
             ... on level 3 of the Dungeon.
             The game lasted 00:03:17 (3012 turns).

sanboga the Covered (Gargoyle Fighter)              Turns: 3012, Time: 00:03:18

Health: 0/29       AC:  8    Str: 22    XL:     4   Next: 13%
Magic:  4/4        EV:  9    Int:  8    God:
Gold:   167        SH:  4    Dex:  9    Spells: 3/3 levels left

rFire   + . .      SeeInvis .   a - +0 war axe
rCold   . . .      Faith    .   c - +0 buckler
rNeg    + . .      Spirit   .   b - +0 scale mail
rPois   ∞          Reflect  .   (no helmet)
rElec   +          Harm     .   (no cloak)
rCorr   .          Rampage  .   i - +0 pair of gloves
Will    .....                   (no boots)
Stlth   ..........              (no amulet)
HPRegen 0.09/turn               (no ring)
MPRegen 0.09/turn               (no ring)

@: mighty
A: sickness immunity, AC +3, negative energy resistance 1, electricity
resistance, torment resistance 1, petrification resistance, deformed body, fire
resistance 1
a: no special abilities


You were on level 3 of the Dungeon.
You visited 1 branch of the dungeon, and saw 3 of its levels.

You collected 167 gold pieces.

Inventory:

Hand Weapons
 a - a +0 war axe (weapon)
Armour
 b - a +0 scale mail (worn)
 c - a +0 buckler (worn)
 i - a +0 pair of gloves (worn)
Scrolls
 g - 2 scrolls of magic mapping
Potions
 e - 2 potions of curing


   Skills:
 + Level 3.8 Fighting
 * Level 2.7 Axes
 + Level 3.8 Armour
 + Level 3.7 Shields


You had 3 spell levels left.
You didn't know any spells.
Your spell library contained the following spells:

 Spells                   Type           Power      Damage    Failure   Level
 Summon Small Mammal      Summ           0%         N/A       82%         1
 Call Canine Familiar     Summ           0%         N/A       99%         3
 Summon Guardian Golem    Hex/Summ       0%         N/A       99%         3


Dungeon Overview and Level Annotations

Branches:
Dungeon (3/15)

Altars:


Innate Abilities, Weirdness & Mutations

You are immune to sickness and miasma.
Your stone body is resilient. (AC +3)
You are immune to poison.
You resist negative energy. (rN+)
You are resistant to electric shocks. (rElec)
You are resistant to unholy torment.
You are immune to petrification.
Armour fits poorly on your strangely shaped body.
Your flesh is heat resistant. (rF+)


Message History

* * * LOW HITPOINT WARNING * * *
The scorpion barely misses you. The scorpion closely misses you.
The scorpion stings you but does no damage.
The scorpion stings you but does no damage.
The scorpion closely misses you.
The scorpion stings you but does no damage.
You block the scorpion's attack. The scorpion stings you.
* * * LOW HITPOINT WARNING * * *
You see here a jackal skeleton.
The scorpion barely misses you.
As you read the scroll of fear, it crumbles to dust.
You assume a fearsome visage.
The scorpion looks frightened!
As you read the scroll of identify, it crumbles to dust.
m - a scroll of noise You drop a scroll of noise.
A scorpion is nearby!
You start resting.
A scorpion is nearby!
You aren't carrying any items that you can evoke.
As you read the scroll labelled FUIFODD FEEFASH, it crumbles to dust.
Magic quickly surges around you.
It was a scroll of vulnerability.
As you read the scroll labelled REKUAD GECINYCW, it crumbles to dust.
It is a scroll of amnesia.
You feel forgetful for a moment.
Okay, then.
It was a potion of cancellation.
Your magical effects are unravelling.
You feel magically purged.
You feel your willpower return.
It was a potion of mutation.
You feel extremely strange.
Your body twists and deforms.
You feel resistant to heat.
You feel very mighty all of a sudden. The scorpion stings you.
* * * LOW HITPOINT WARNING * * *
You hit the scorpion.
The scorpion is lightly wounded.
The scorpion stings you.
You die...

#....# ..........
#....# ######..
#....# ###.#
#....############..†#
#....................
#....########.#######
#....# ##.# # #...s#
###..# #...@#
###...##
########...#########
#............>##
#############..) ####


You could see a scorpion (weak-willed).

Vanquished Creatures
  An adder (D:2)
  An orc (D:3)
  5 bats
  7 endoplasms
  4 giant cockroaches
  2 goblins
  2 hobgoblins (D:1)
  8 jackals (D:3)
  7 kobolds
  4 quokkas
  2 ball pythons
  A frilled lizard (D:1)
  4 rats
  2 bushes (D:1)
50 creatures vanquished.

Notes
Turn   | Place    | Note
-------+----------+-------------------------------------------
     0 | D:1      | sanboga the Gargoyle Fighter began the quest for the Orb.
     0 | D:1      | Reached XP level 1. HP: 14/14 MP: 1/1
   205 | D:1      | Reached XP level 2. HP: 16/19 MP: 2/2
   590 | D:1      | Found a faded altar of an unknown god.
  1545 | D:2      | Reached XP level 3. HP: 21/23 MP: 3/3
  2719 | D:3      | Reached XP level 4. HP: 21/29 MP: 4/4
  2933 | D:3      | Noticed a scorpion
  3010 | D:3      | Gained mutation: Armour fits poorly on your strangely
                  | shaped body. [potion of mutation]
  3010 | D:3      | Gained mutation: Your flesh is heat resistant. (rF+)
                  | [potion of mutation]
  3012 | D:3      | Slain by a scorpion

Illustrated notes

Levels and vault maps discovered:
D:1:      minmay_arrival_doors, layout_basic,
          dreamdust_ecumenical_altar_hidden_monk_grotto, serial_forest,
          infiniplex_forest_end_3, infiniplex_forest_lined_1,
          infiniplex_forest_end_3, infiniplex_forest_lined_2,
          infiniplex_forest_clump_double, infiniplex_forest_split,
          infiniplex_forest_clump_medium, infiniplex_forest_lined_3,
          minmay_fountain_box
D:2:      layout_basic
D:3:      layout_rooms, chequers_serial_rivers_large_a

Skill      XL: |  1 |
---------------+----+-----
Axes           | 2 |  2.7
Fighting       | |  3.8
Armour         | |  3.8
Shields        | |  3.7

Action                   |  1- 3 |  4- 6 || total
-------------------------+-------+-------++-------
Melee: War axe           |   206 |    18 ||   224
  Use: Scroll            |     3 |     4 ||     7
       Potion            |       |     3 ||     3
Armor: Scale mail        |    81 |    14 ||    95
Dodge: Dodged            |    59 |    14 ||    73
Block: Buckler           |    32 |     4 ||    36
